 Dungeon Sprint DCSS version 0.30-a0-1161-g0704695555 (webtiles) character file.

Game seed: 18034060423376083634

8400000 123456 the Grand Master (level 27, -75/276 (323) HPs)
             Began as a Demonspawn Gladiator on Apr 27, 2023.
             Was the Champion of Makhleb.
             Killed from afar by a wretched soul (108 damage)
             ... with a bolt of negative energy
             ... in the Dungeon (Sprint VIII: "Arena of Blood").
             The game lasted 00:02:35 (84 turns).

123456 the Grand Master (Demonspawn Gladiator)        Turns: 84, Time: 00:02:35

HP:   -75/276 (323) AC: 12    Str: 16      XL:     27
MP:   54/54         EV: 39    Int: 12      God:    Makhleb [******]
Gold: 0             SH:  0    Dex: 22 (25) Spells: 80/80 levels left

rFire   . . .        k - +∞ Axe of Woe
rCold   . . .        (shield currently unavailable)
rNeg    . . .        a - +0 leather armour
rPois   +            b - +0 helmet
rElec   .            (no cloak)
rCorr   .            (gloves unavailable)
SInv    .            (no boots)
Will    ++...        (no amulet)
Stlth   ++++++++++   (no ring)
HPRegen 0.66/turn    (no ring)
MPRegen 0.34/turn

%: no teleportation
@: mighty, agile, heavily drained
A: claws 3, slimy green scales 3, icemail 2, powered by pain 3, robust 3,
condensation shield
a: Renounce Religion, Minor Destruction, Lesser Servant of Makhleb, Major
Destruction, Greater Servant of Makhleb


You were in the Dungeon.
You worshipped Makhleb.
Makhleb was exalted by your worship.
You visited 1 branch

Inventory:

Hand Weapons
 k - the +∞ Axe of Woe (weapon)
   (You found it in the Dungeon)
Missiles
 c - 3 throwing nets (quivered)
 d - a javelin
Armour
 a - a +0 leather armour (worn)
 b - a +0 helmet (worn)
Scrolls
 j - a scroll of blinking
Potions
 e - a potion of curing
 f - a potion of heal wounds
 g - a potion of haste
 h - 2 potions of magic
 i - a potion of berserk rage


   Skills:
 O Level 27 Fighting
 O Level 27 Short Blades
 O Level 27 Long Blades
 O Level 27 Axes
 O Level 27 Maces & Flails
 O Level 27 Polearms
 O Level 27 Staves
 O Level 27 Ranged Weapons
 O Level 27 Throwing
 O Level 27 Armour
 O Level 27 Dodging
 O Level 27 Stealth
 O Level 27 Shields
 O Level 27 Unarmed Combat
 O Level 27 Spellcasting
 O Level 27 Conjurations
 O Level 27 Hexes
 O Level 27 Summonings
 O Level 27 Necromancy
 O Level 27 Translocations
 O Level 27 Transmutations
 O Level 27 Fire Magic
 O Level 27 Ice Magic
 O Level 27 Air Magic
 O Level 27 Earth Magic
 O Level 27 Poison Magic
 O Level 27 Invocations
 O Level 27 Evocations


You had 80 spell levels left.
You didn't know any spells.
Your spell library was empty.

Dungeon Overview and Level Annotations

Branches:
Dungeon (1/1)

Altars:
Makhleb


Innate Abilities, Weirdness & Mutations

You have claws for hands.
You are completely covered in slimy green scales. (AC +4, rPois)
A meltable icy envelope protects you from harm. (AC +0)
You are powered by pain.
You are extremely robust. (+30% HP)
A meltable shield of frost defends you. (SH +0)


Message History

You feel extremely nervous for a moment...
Pain shoots through your body!
* * * LOW HITPOINT WARNING * * *
You hear a shout! x7
The meat berserker hits you with a +9 battleaxe!!!
* * * LOW HITPOINT WARNING * * *
You focus on the pain.
You feel mightier all of a sudden.
You have mastered Long Blades!
You have mastered Maces & Flails!
You have mastered Polearms!
Your base Staves skill increases to level 26!
Your Ranged Weapons skill increases to level 26!
You have mastered Shields!
You have mastered Spellcasting!
You have mastered Translocations!
Unknown command.
You slice the meat berserker!!
You hew the meat berserker savagely.
You kill the meat berserker!
Makhleb accepts your kill.
You hear a shout! x4
You have mastered Staves!
You have mastered Ranged Weapons!
You cannot train any new skills!
Unknown command.
Unknown command.
Unknown command.
You hear a shout! x5
The accursed hits you but does no damage.
Items here: )) == †††.
You slice the accursed!!
You pulverise the accursed into a thin bloody mist.
You destroy the accursed!
Makhleb accepts your kill.
You feel extremely nervous for a moment...
You are engulfed in negative energy!
You feel clumsy.
You hear a shout! x4
A bolt of negative energy appears from out of thin air!
Deactivating autopickup; reactivate with Ctrl-A.
The bolt of negative energy hits you!!!!
You feel drained.
You die...

#.....#.......#o#.......
#_.<._#.................
.#....)#..))))#.#.#......
...._.))).)))))..........
...###)))))))){#)#.#..#..
#.....))###...))°)...#...
#....z..#.....○))))...#
#.......#......○☼))..#...
................@.†......
............#...#......##
...........#....#.....##
......V..##.....#.....#
......#....##.. ...###
...#. ... ... .#.... ..
.. .. .....


There were no monsters in sight!

Vanquished Creatures
  5 hell beasts (D)
  2 royal mummies (D)
  A wraith (D)
  13 vampire knights (D)
  31 ogres (D)
  7 two-headed ogres (D)
  3 liches (D)
  2 hydras (D)
  58 orcs (D)
  3 skeletal warriors (D)
125 creatures vanquished.

Notes
Turn   | Place    | Note
-------+----------+-------------------------------------------
     0 | D        | Found the +∞ Axe of Woe
     0 | D        | 123456 the Demonspawn Gladiator began the quest for the
                  | Orb.
     0 | D        | Reached XP level 1. HP: 16/16 MP: 1/1
     0 | D        | Noticed a bag of meat
     3 | D        | Noticed a bag of meat
     4 | D        | Became a worshipper of Makhleb the Destroyer
     5 | D        | Noticed a bag of meat
     5 | D        | Noticed a meat berserker
     5 | D        | Noticed a bag of meat
     6 | D        | Killed a meat berserker
     6 | D        | Noticed a bag of meat
     6 | D        | Noticed a bag of meat
     6 | D        | Noticed a meat berserker
     7 | D        | Reached skill level 10 in Fighting
     7 | D        | Gained mutation: You sometimes gain a little power by
                  | taking damage. [demonic ancestry]
     7 | D        | Reached XP level 2. HP: 36/36 MP: 2/2
     7 | D        | Gained mutation: You are partially covered in slimy green
                  | scales. (AC +2) [demonic ancestry]
     7 | D        | Reached XP level 3. HP: 42/42 MP: 3/3
     7 | D        | Reached XP level 4. HP: 48/48 MP: 4/4
     7 | D        | Reached XP level 5. HP: 54/54 MP: 5/5
     7 | D        | Gained mutation: You have sharp fingernails. [demonic
                  | ancestry]
     7 | D        | Reached XP level 6. HP: 61/61 MP: 6/6
     7 | D        | Gained mutation: You sometimes gain power by taking damage.
                  | [demonic ancestry]
     7 | D        | Reached XP level 7. HP: 67/67 MP: 7/7
     7 | D        | Reached XP level 8. HP: 73/73 MP: 8/8
     7 | D        | Gained mutation: You are mostly covered in slimy green
                  | scales. (AC +3) [demonic ancestry]
     7 | D        | Reached XP level 9. HP: 79/79 MP: 9/9
     7 | D        | Gained mutation: A meltable shield of frost defends you.
                  | (SH +0) [demonic ancestry]
     7 | D        | Reached XP level 10. HP: 86/86 MP: 10/10
     7 | D        | Gained mutation: You have very sharp fingernails. [demonic
                  | ancestry]
     7 | D        | Reached XP level 11. HP: 92/92 MP: 11/11
     7 | D        | Noticed a meat berserker
     7 | D        | Noticed a meat berserker
     8 | D        | Killed a meat berserker
     8 | D        | Reached * piety under Makhleb
     8 | D        | Killed a bag of meat
     8 | D        | Noticed a bag of meat
     9 | D        | Reached skill level 1 in Armour
     9 | D        | Reached XP level 12. HP: 12/103 MP: 12/12
     9 | D        | Gained mutation: A meltable icy envelope protects you from
                  | harm. (AC +0) [demonic ancestry]
     9 | D        | Reached XP level 13. HP: 12/109 MP: 13/13
     9 | D        | Killed a bag of meat
     9 | D        | Killed a bag of meat
     9 | D        | Reached ** piety under Makhleb
     9 | D        | Noticed a bag of meat
    10 | D        | Gained mutation: You are powered by pain. [demonic
                  | ancestry]
    10 | D        | Reached XP level 14. HP: 14/119 MP: 14/14
    10 | D        | Killed a meat berserker
    10 | D        | Killed a meat berserker
    10 | D        | Noticed a bag of meat
    10 | D        | Noticed a bag of meat
    11 | D        | Reached skill level 15 in Fighting
    11 | D        | Gained mutation: You have claws for hands. [demonic
                  | ancestry]
    11 | D        | Reached XP level 15. HP: 77/130 MP: 15/15
    11 | D        | Reached *** piety under Makhleb
    11 | D        | Noticed a meat berserker
    12 | D        | Noticed a meat berserker
    13 | D        | Noticed a meat berserker
    13 | D        | Noticed a large bag of meat
    14 | D        | Noticed a meat berserker
    15 | D        | Reached **** piety under Makhleb
    15 | D        | Noticed a meat berserker
    15 | D        | Noticed a meat berserker
    16 | D        | Reached XP level 16. HP: 143/143 MP: 16/16
    16 | D        | Killed a meat berserker
    16 | D        | Killed a meat berserker
    16 | D        | Reached ***** piety under Makhleb
    17 | D        | Reached skill level 15 in Throwing
    17 | D        | Reached skill level 5 in Armour
    17 | D        | Reached skill level 27 in Dodging
    17 | D        | Reached skill level 27 in Unarmed Combat
    17 | D        | Killed a meat berserker
    18 | D        | Reached XP level 17. HP: 160/160 MP: 17/17
    18 | D        | Killed a meat berserker
    18 | D        | Noticed a large bag of meat
    19 | D        | Killed a meat berserker
    19 | D        | Noticed a meat berserker
    19 | D        | Noticed a destroyer
    20 | D        | Reached skill level 27 in Axes
    21 | D        | Killed a meat berserker
    22 | D        | Reached skill level 27 in Fighting
    22 | D        | Reached skill level 10 in Armour
    22 | D        | Reached XP level 18. HP: 151/182 MP: 18/18
    22 | D        | Killed a large bag of meat
    22 | D        | Reached ****** piety under Makhleb
    23 | D        | Noticed a meat berserker
    23 | D        | Noticed a large bag of meat
    23 | D        | Noticed a meat berserker
    23 | D        | Noticed a meat berserker
    24 | D        | Noticed a destroyer
    24 | D        | Noticed a meat berserker
    25 | D        | Noticed a large bag of meat
    25 | D        | Noticed a meat berserker
    25 | D        | Noticed a destroyer
    26 | D        | Killed a meat berserker
    27 | D        | Killed a meat berserker
    28 | D        | Reached skill level 27 in Throwing
    28 | D        | Gained mutation: A meltable icy envelope protects you from
                  | harm. (AC +0) [demonic ancestry]
    28 | D        | Reached XP level 19. HP: 144/189 MP: 19/19
    28 | D        | Killed a meat berserker
    28 | D        | Killed a large bag of meat
    29 | D        | Reached skill level 27 in Armour
    29 | D        | Killed a meat berserker
    29 | D        | Killed a destroyer
    29 | D        | Noticed a destroyer
    29 | D        | Noticed a destroyer
    30 | D        | Reached skill level 5 in Summonings
    30 | D        | Reached skill level 5 in Necromancy
    30 | D        | Reached skill level 5 in Poison Magic
    30 | D        | Reached skill level 5 in Evocations
    30 | D        | Killed a meat berserker
    30 | D        | Noticed a destroyer
    31 | D        | Reached skill level 5 in Long Blades
    31 | D        | Reached skill level 5 in Maces & Flails
    31 | D        | Reached skill level 5 in Polearms
    31 | D        | Reached skill level 5 in Staves
    31 | D        | Reached skill level 5 in Ranged Weapons
    31 | D        | Reached skill level 5 in Shields
    31 | D        | Reached skill level 5 in Spellcasting
    31 | D        | Gained mutation: You are completely covered in slimy green
                  | scales. (AC +4, rPois) [demonic ancestry]
    31 | D        | Reached XP level 20. HP: 197/197 MP: 19/28
    31 | D        | Killed a large bag of meat
    31 | D        | Killed a destroyer
    32 | D        | Reached skill level 10 in Necromancy
    32 | D        | Killed a meat berserker
    33 | D        | Reached XP level 21. HP: 195/204 MP: 19/32
    33 | D        | Noticed a destroyer
    33 | D        | Killed a destroyer
    33 | D        | Noticed a destroyer
    33 | D        | Noticed a destroyer
    34 | D        | Killed a large bag of meat
    34 | D        | Noticed a destroyer
    34 | D        | Noticed a large bag of meat
    35 | D        | Reached skill level 27 in Stealth
    36 | D        | Reached skill level 10 in Summonings
    36 | D        | Reached skill level 10 in Poison Magic
    36 | D        | Reached skill level 10 in Evocations
    38 | D        | Reached skill level 10 in Short Blades
    38 | D        | Reached skill level 10 in Conjurations
    38 | D        | Reached skill level 10 in Hexes
    38 | D        | Reached skill level 10 in Translocations
    38 | D        | Reached skill level 10 in Transmutations
    38 | D        | Reached skill level 10 in Fire Magic
    38 | D        | Reached skill level 10 in Ice Magic
    38 | D        | Reached skill level 10 in Air Magic
    38 | D        | Reached skill level 10 in Earth Magic
    38 | D        | Noticed a large bag of meat
    39 | D        | Killed a destroyer
    39 | D        | Killed a destroyer
    39 | D        | Killed a destroyer
    39 | D        | Noticed a destroyer
    39 | D        | Noticed a destroyer
    40 | D        | Gained mutation: You are robust. (+10% HP) [demonic
                  | ancestry]
    40 | D        | Reached XP level 22. HP: 184/233 MP: 34/38
    42 | D        | Reached skill level 15 in Necromancy
    42 | D        | Gained mutation: You are very robust. (+20% HP) [demonic
                  | ancestry]
    42 | D        | Reached XP level 23. HP: 224/262 MP: 34/39
    42 | D        | Killed a destroyer
    43 | D        | Reached skill level 15 in Summonings
    43 | D        | Reached skill level 15 in Poison Magic
    43 | D        | Reached skill level 15 in Evocations
    43 | D        | Killed a destroyer
    43 | D        | Killed a destroyer
    43 | D        | Noticed a large bag of meat
    44 | D        | Reached skill level 15 in Short Blades
    44 | D        | Reached skill level 15 in Conjurations
    44 | D        | Reached skill level 15 in Hexes
    44 | D        | Reached skill level 15 in Translocations
    44 | D        | Reached skill level 15 in Transmutations
    44 | D        | Reached skill level 15 in Fire Magic
    44 | D        | Reached skill level 15 in Ice Magic
    44 | D        | Reached skill level 15 in Air Magic
    44 | D        | Reached skill level 15 in Earth Magic
    44 | D        | Killed a destroyer
    45 | D        | Reached skill level 15 in Shields
    45 | D        | Reached skill level 15 in Spellcasting
    45 | D        | Reached XP level 24. HP: 272/272 MP: 35/42
    45 | D        | Killed a destroyer
    45 | D        | Killed a large bag of meat
    46 | D        | Reached skill level 15 in Long Blades
    46 | D        | Reached skill level 15 in Maces & Flails
    46 | D        | Reached skill level 15 in Polearms
    46 | D        | Reached skill level 15 in Staves
    46 | D        | Reached skill level 15 in Ranged Weapons
    47 | D        | Killed a large bag of meat
    49 | D        | Noticed a tyrant
    50 | D        | Reached XP level 25. HP: 222/280 MP: 43/44
    51 | D        | Noticed a tyrant
    55 | D        | Noticed a destroyer
    56 | D        | Noticed a meat beast
    58 | D        | Killed a destroyer
    58 | D        | Noticed a tyrant
    59 | D        | Reached XP level 26. HP: 243/290 MP: 45/46
    60 | D        | Reached skill level 27 in Invocations
    60 | D        | Killed a tyrant
    60 | D        | Killed a meat beast
    61 | D        | Killed a tyrant
    62 | D        | Noticed an accursed
    63 | D        | Noticed a dread
    64 | D        | Gained mutation: You are extremely robust. (+30% HP)
                  | [demonic ancestry]
    64 | D        | Reached XP level 27. HP: 264/323 MP: 48/48
    64 | D        | Killed a large bag of meat
    64 | D        | Noticed a meat beast
    64 | D        | Noticed an accursed
    66 | D        | Noticed a meat beast
    67 | D        | Killed a destroyer
    67 | D        | Noticed a meat beast
    68 | D        | Killed a meat beast
    69 | D        | Reached skill level 27 in Necromancy
    69 | D        | Noticed a meat beast
    70 | D        | Killed a dread
    72 | D        | Killed a meat beast
    72 | D        | Killed a meat beast
    73 | D        | Reached skill level 27 in Conjurations
    73 | D        | Reached skill level 27 in Hexes
    73 | D        | Reached skill level 27 in Summonings
    73 | D        | Reached skill level 27 in Poison Magic
    73 | D        | Reached skill level 27 in Evocations
    73 | D        | Killed a meat beast
    76 | D        | Killed a tyrant
    77 | D        | Reached skill level 27 in Air Magic
    77 | D        | Reached skill level 27 in Earth Magic
    78 | D        | Reached skill level 27 in Short Blades
    80 | D        | Reached skill level 27 in Ice Magic
    81 | D        | Reached skill level 27 in Transmutations
    81 | D        | Reached skill level 27 in Fire Magic
    81 | D        | Killed an accursed
    82 | D        | Reached skill level 27 in Long Blades
    82 | D        | Reached skill level 27 in Maces & Flails
    82 | D        | Reached skill level 27 in Polearms
    82 | D        | Reached skill level 27 in Shields
    82 | D        | Reached skill level 27 in Spellcasting
    82 | D        | Reached skill level 27 in Translocations
    83 | D        | Reached skill level 27 in Staves
    83 | D        | Reached skill level 27 in Ranged Weapons
    84 | D        | Killed an accursed
    84 | D        | Killed from afar by a wretched soul

Illustrated notes

Levels and vault maps discovered:
D:        meatsprint

Skill      XL: |  1  2  3  4  5  6  7  8  9 10 11 12 13 14 15 16 17 18 19 20 21 22 23 24 25 26 27 |
---------------+----------------------------------------------------------------------------------+-----
Fighting       | 10 12 13 15 17 21 27 | 27.0
Axes           | 3 7 9 12 16 24 27 | 27.0
Throwing       | 9 11 13 14 16 19 27 | 27.0
Dodging        | 17 20 21 24 26 27 | 27.0
Unarmed Combat | 17 20 22 24 26 27 | 27.0
Armour         | 1 3 6 10 20 27 | 27.0
Short Blades   | 6 8 12 13 15 17 19 21 27 | 27.0
Long Blades    | 5 7 11 12 14 16 18 20 27 | 27.0
Maces & Flails | 5 7 11 12 14 16 18 20 27 | 27.0
Polearms       | 5 7 11 12 14 16 18 20 27 | 27.0
Staves         | 5 7 11 12 14 16 18 20 27 | 27.0
Ranged Weapons | 5 7 11 12 14 16 18 20 27 | 27.0
Stealth        | 6 21 27 | 27.0
Shields        | 5 7 12 15 17 19 21 27 | 27.0
Spellcasting   | 5 7 12 15 17 19 21 27 | 27.0
Conjurations   | 6 8 13 14 16 18 21 23 27 | 27.0
Hexes          | 6 8 13 14 16 18 21 23 27 | 27.0
Summonings     | 6 9 13 14 17 19 21 23 27 | 27.0
Necromancy     | 7 10 14 15 18 20 23 25 27 | 27.0
Translocations | 6 8 12 13 15 17 19 21 27 | 27.0
Transmutations | 6 8 12 13 15 17 19 21 27 | 27.0
Fire Magic     | 6 8 12 13 15 17 19 21 27 | 27.0
Ice Magic      | 6 8 12 13 15 17 19 21 27 | 27.0
Air Magic      | 6 8 12 13 15 17 19 21 27 | 27.0
Earth Magic    | 6 8 12 13 15 17 19 21 27 | 27.0
Poison Magic   | 6 9 13 14 17 19 21 23 27 | 27.0
Invocations    | 8 12 17 18 21 24 26 27 | 27.0
Evocations     | 6 9 13 14 17 19 21 23 27 | 27.0

Action                     |  1- 3 |  4- 6 |  7- 9 | 10-12 | 13-15 | 16-18 | 19-21 | 22-24 | 25-27 || total
---------------------------+-------+-------+-------+-------+-------+-------+-------+-------+-------++-------
  Melee: Executioner's axe |     1 |       |       |     1 |     6 |     8 |    11 |     8 |    29 ||    64
 Armour: Leather armour    |       |       |       |       |       |       |       |       |     3 ||     3
  Dodge: Dodged            |       |       |       |       |     1 |       |       |       |     2 ||     3
  Block: Other             |       |       |       |       |       |     1 |       |       |       ||     1

Table legend: (Time is in decaauts)
 A = Elapsed time spent in this place.
 B = Non-inter-level travel time spent in this place.
 C = Inter-level travel time spent in this place.
 D = Time resting spent in this place.
 E = Time spent auto-exploring this place.
 F = Levels seen in this place.
 G = Mean time per level.
                   A        B        C        D        E       F      G
               +--------+--------+--------+--------+--------+-----+--------+
         Total |     71 |     71 |      0 |      0 |      0 |   1 |   71.0 |
       Dungeon |     71 |     71 |      0 |      0 |      0 |   1 |   71.0 |
               +--------+--------+--------+--------+--------+-----+--------+

Top non-repeatable levels by time:
       D: 71 daAuts
